 Dungeon Crawl Stone Soup version 0.31-a0-640-g39d97e502b (webtiles) character file.

Game seed: 5986205918586026967

826 randomguy2701 the Cleaver (level 7, -4/61 HPs)
             Began as a Hill Orc Fighter on Aug 27, 2023.
             Was a Follower of Beogh.
             Slain by a black bear (8 damage)
             ... on level 5 of the Dungeon.
             The game lasted 00:03:56 (3954 turns).

randomguy2701 the Cleaver (Hill Orc Fighter)        Turns: 3954, Time: 00:03:57

Health: -4/61      AC:  7    Str: 19    XL:     7   Next: 96%
Magic:  7/7        EV:  9    Int:  8    God:    Beogh [*.....]
Gold:   180        SH:  5    Dex: 12    Spells: 6/6 levels left

rFire   + . .        a - +0 war axe
rCold   . . .        c - +0 buckler
rNeg    . . .        b - +0 scale mail
rPois   .            (no helmet)
rElec   .            (no cloak)
rCorr   .            (no gloves)
SInv    .            (no boots)
Will    .....        (no amulet) Stlth
                     k - ring of protection from fire
HPRegen 0.30/turn    (no ring)
MPRegen 0.10/turn

%: no passive effects
@: no status effects
A: no striking features
a: Renounce Religion


You were on level 5 of the Dungeon.
You worshipped Beogh.
Beogh was aware of your devotion.
You visited 1 branch of the dungeon, and saw 5 of its levels.

You collected 180 gold pieces.

Inventory:

Hand Weapons
 a - a +0 war axe (weapon)
Armour
 b - a +0 scale mail (worn)
 c - a +0 buckler (worn)
Jewellery
 k - a ring of protection from fire (left hand)
 p - a ring of protection from cold
Scrolls
 e - 2 scrolls of vulnerability {unknown}
 f - 2 scrolls of identify
 g - a scroll of enchant weapon {unknown}
 h - a scroll of enchant armour {unknown}
 i - 8 scrolls of revelation
 j - a scroll of torment {unknown}
 n - a scroll of fear {unknown}
Potions
 d - a potion of might
 l - a potion of haste
 m - a potion of brilliance
 o - a potion of attraction


   Skills:
 + Level 5.6 Fighting
 + Level 8.2 Axes
 + Level 5.5 Armour
 + Level 4.7 Shields


You had 6 spell levels left.
You didn't know any spells.
Your spell library contained the following spells:

 Spells                   Type           Power      Damage    Failure   Level
 Inner Flame              Hex/Fire       0%         N/A       99%         3
 Summon Forest            Summ/Tloc      0%         N/A       100%        5
 Summon Mana Viper        Hex/Summ       0%         N/A       100%        5
 Yara's Violent Unravell  Hex/Tmut       0%         3d3       100%        5
 Summon Cactus Giant      Summ           0%         N/A       100%        6
 Enfeeble                 Hex            0%         N/A       100%        7


Dungeon Overview and Level Annotations

Branches:
Dungeon (5/15)
 Temple: D:4-7

Altars:

Shops:
D:1 (


Message History

You are too injured to fight recklessly!
You are too injured to fight recklessly!
Unknown command.
You closely miss the black bear.
The black bear is severely wounded.
The black bear bites you but does no damage.
The black bear claws you but does no damage.
You block the black bear's attack. The black bear bites you.
The black bear claws you.
The black bear claws you but does no damage.
The dart slug briefly extends its eye-stalks.
The dart slug launches a dart at you. The slug dart hits you.
You hit the black bear.
The black bear is almost dead.
You block the black bear's attack. x2; The black bear claws you.
The black bear bites you.
* * * LOW HITPOINT WARNING * * *
The black bear claws you but does no damage.
The black bear completely misses you.
You hit the black bear but do no damage.
The black bear is almost dead.
The black bear bites you.
* * * LOW HITPOINT WARNING * * *
You block the black bear's attack. The black bear claws you.
* * * LOW HITPOINT WARNING * * *
Unknown command.
You hit the black bear.
The black bear is almost dead.
You block the black bear's attack. The black bear claws you.
* * * LOW HITPOINT WARNING * * *
The black bear barely misses you. The black bear bites you.
* * * LOW HITPOINT WARNING * * *
The black bear closely misses you. x2
You barely miss the black bear.
The black bear is almost dead.
The black bear bites you but does no damage.
You block the black bear's attack. The black bear misses you.
The black bear bites you!
You die...

##..##...###.†......
##.........#†..........
#......##........##....
##.##........#..#.......
#...#........#####......
#......##.#............
##...###..###..........
#....###.###.........#
##.....#.......@h....#
##.....................#
#.<....##..###<.w..##..#
###.#..##..##.†...#.....
#.##.....#..........#
#######........##..##
#....##.....##
#...#.........
#....##..###.###


You could see a black bear (berserk) and a dart slug.

Vanquished Creatures
  Sigmund (D:3)
  A sky beast (D:5)
  An ice beast (D:5)
  3 scorpions
  A howler monkey (D:5)
  A sleepcap (D:4)
  2 iguanas
  An orc wizard (D:4)
  7 adders
  A shadow imp (D:5)
  2 ufetubi (D:5)
  10 orcs
  8 bats
  9 endoplasms
  4 giant cockroaches
  6 goblins
  2 hobgoblins
  8 jackals
  8 kobolds
  3 quokkas
  10 ball pythons
  3 frilled lizards
  6 rats
98 creatures vanquished.

Notes
Turn   | Place    | Note
-------+----------+-------------------------------------------
     0 | D:1      | randomguy2701 the Hill Orc Fighter began the quest for the
                  | Orb.
     0 | D:1      | Reached XP level 1. HP: 19/19 MP: 1/1
    51 | D:1      | Reached XP level 2. HP: 27/27 MP: 2/2
    72 | D:1      | You fall into a shaft and drop 1 floor!
   204 | D:2      | Reached skill level 3 in Axes
   207 | D:2      | Reached XP level 3. HP: 26/33 MP: 3/3
   369 | D:2      | Found a faded altar of an unknown god.
   884 | D:1      | Found Eqaoxor's Weapon Shoppe.
   952 | D:1      | Reached XP level 4. HP: 40/40 MP: 4/4
  1554 | D:3      | Reached skill level 4 in Axes
  1659 | D:3      | Noticed Sigmund
  1672 | D:3      | Killed Sigmund
  1673 | D:3      | Reached skill level 5 in Axes
  1673 | D:3      | Reached XP level 5. HP: 4/47 MP: 5/5
  1673 | D:3      | Reached XP level 6. HP: 5/53 MP: 6/6
  1910 | D:3      | Became a worshipper of Beogh the Brigand
  2493 | D:4      | Reached skill level 6 in Axes
  2733 | D:4      | Reached skill level 5 in Fighting
  3180 | D:4      | Reached XP level 7. HP: 41/61 MP: 7/7
  3548 | D:5      | Entered Level 5 of the Dungeon
  3570 | D:5      | Reached skill level 7 in Axes
  3570 | D:5      | Reached skill level 5 in Armour
  3582 | D:5      | HP: 3/61 [ice beast (10)]
  3925 | D:5      | Reached skill level 8 in Axes
  3944 | D:5      | Reached * piety under Beogh
  3954 | D:5      | Slain by a black bear

Illustrated notes

Levels and vault maps discovered:
D:1:      grunt_arrival_lava_bath, layout_loops_ring, serial_glass,
          glass_columns_b, glass_columns_b, glass_columns_a, glass_columns_b,
          glass_columns_a, glass_columns_b, glass_columns_b, glass_columns_b,
          glass_columns_c, glass_columns_b, serial_shops,
          nicolae_shop_behind_doors
D:2:      layout_basic, ebering_ecumenical_altar_sacrificial
D:3:      layout_loops_ring, nrook_loot_triangle, uniq_sigmund
D:4:      layout_basic
D:5:      layout_cave_pools, grunt_temple_overflow_open, gammafunk_ghost_hive,
          serial_shops, kennysheep_little_box, nicolae_shop_gadgets

Skill      XL: |  1  2  3  4  5  6  7 |
---------------+----------------------+-----
Axes           | 3 5 6 8 |  8.2
Fighting       | 4 5 |  5.6
Armour         | 4 5 |  5.5
Shields        | 4 |  4.7

Action                     |  1- 3 |  4- 6 |  7- 9 || total
---------------------------+-------+-------+-------++-------
  Melee: War axe           |    78 |   160 |    83 ||   321
 Invoke: Convert to Beogh  |       |     1 |       ||     1
    Use: Scroll            |       |       |     4 ||     4
         Potion            |       |       |     1 ||     1
 Armour: Scale mail        |    42 |    69 |    48 ||   159
  Dodge: Dodged            |    43 |    71 |    53 ||   167
  Block: Buckler           |    20 |    36 |    25 ||    81

Table legend: (Time is in decaauts)
 A = Elapsed time spent in this place.
 B = Non-inter-level travel time spent in this place.
 C = Inter-level travel time spent in this place.
 D = Time resting spent in this place.
 E = Time spent auto-exploring this place.
 F = Levels seen in this place.
 G = Mean time per level.
                   A        B        C        D        E       F      G
               +--------+--------+--------+--------+--------+-----+--------+
         Total |   4043 |   3790 |    253 |      0 |   3099 |   5 |  808.6 |
       Dungeon |   4043 |   3790 |    253 |      0 |   3099 |   5 |  808.6 |
               +--------+--------+--------+--------+--------+-----+--------+

Top non-repeatable levels by time:
     D:4: 1270 daAuts
     D:3: 991 daAuts
     D:2: 824 daAuts
     D:1: 722 daAuts
     D:5: 235 daAuts
